Unix NetHack Version 5.0.0-0 post-release - last build May 17 2026 04:57:42 (dc50c8380fa5e20985bfe3072449f57b8d9895ef,branch:main).

Game began 2026-05-22 01:20:05, ended 2026-05-22 04:03:30.

Haxasaurus, lawful female dwarven Valkyrie

                               ------    ---     --
                               |....     |.     ..
                   -.-       ---...-.|   |.-----.|
                   |.        |.......|   |.|.....|
                 |.|V---...|.|.---.-------.|%---.|
                 |.|@..?...|.|%| |.........".|  .|
                 |.|.......|.|.---------------   -
                 |.............[.......|
                 ---.---..+....---.-----
                   |.. |.......| |.|
                   |.| |...-.--- ---

Haxasaurus the Fighter      St:18/02 Dx:13 Co:18 In:7 Wi:8 Ch:11  Lawful
Dlvl:11 $:0  HP:0(59) Pw:0(0) AC:-2 Xp:6/639 T:9866  Burdened

Latest messages:
 [HP -2, 53 left]
 The vampire bites!
 Farvel level 9.
 [HP -4, 43 left]
 You hit the vampire!
 The vampire hits!
 [HP -2, 41 left]
 The vampire bites!
 [HP -1, 40 left]
 You miss the vampire.
 The vampire hits!
 [HP -1, 40 left]
 The vampire bites!
 [HP -2, 38 left]
 You hit the vampire!
 The vampire hits!
 [HP -3, 35 left]
 The vampire bites!
 [HP -1, 34 left]
 You hit the vampire!
 The vampire hits!
 [HP -1, 33 left]
 The vampire bites!
 [HP -4, 29 left]
 You hit the vampire!
 You miss the vampire.
 The vampire hits!
 [HP -1, 29 left]
 The vampire bites!
 [HP -3, 26 left]
 You hit the vampire!
 The vampire hits!
 [HP -1, 26 left]
 The vampire bites!
 Farvel level 8.
 [HP -4, 11 left]
 What do you want to zap? [pCM or ?*]
 Nothing happens.
 The vampire hits!
 [HP -1, 10 left]
 The vampire bites!
 Farvel level 7.
 You feel slow!
 [HP -4, -3 left]
 You die...
 Do you want your possessions identified? y
 Do you want to see your attributes? y
 Do you want an account of creatures vanquished? [ynaq] (y)
 Do you want to see your conduct and achievements? n
 Do you want to see the dungeon overview? y

Inventory:
 Amulets  ('"')
  w - an uncursed amulet of reflection
  F - an uncursed amulet versus poison (being worn)
 Weapons  (')')
  q - a +0 dagger (alternate weapon; not wielded)
  a - a +1 dwarvish spear (weapon in right hand)
  g - a blessed +1 aklys
 Armor    ('[')
  u - an uncursed +0 orcish helm (being worn)
  s - an uncursed +0 pair of elven boots
  i - an uncursed +0 pair of iron shoes (being worn)
  c - an uncursed +0 elven shield (being worn)
  J - a blessed +1 cloak of magic resistance (being worn)
  f - an uncursed +0 elven mithril-coat (being worn)
 Comestibles  ('%')
  d - 2 uncursed food rations
  X - 2 uncursed tripe rations
 Scrolls  ('?')
  e - an uncursed scroll of amnesia
  K - an uncursed scroll of confuse monster
  N - 2 uncursed scrolls of create monster
  V - an uncursed scroll of destroy armor
  Y - an uncursed scroll of enchant armor
  l - a cursed scroll of enchant armor
  x - a blessed scroll of enchant weapon
  H - an uncursed scroll of fire
  h - 2 uncursed scrolls of identify
  R - an uncursed scroll of teleportation
 Potions  ('!')
  y - an uncursed potion of booze
  O - a cursed potion of confusion
  j - an uncursed potion of extra healing
  U - an uncursed potion of fruit juice
  E - 3 blessed potions of healing
  m - an uncursed potion of healing
  Z - a cursed potion of monster detection
  o - an uncursed potion of object detection
  Q - a cursed potion of object detection
  W - a blessed potion of oil
  z - an uncursed potion of oil
  L - a blessed potion of paralysis
  D - 2 blessed potions of sleeping
  k - an uncursed potion of sleeping
  A - an uncursed potion of speed
  v - a cursed potion of speed
 Rings    ('=')
  n - an uncursed +1 ring of increase damage
  S - an uncursed ring of warning
 Wands    ('/')
  p - a wand of create monster (0:10)
  M - a wand of magic missile (0:0)
  C - a wand of nothing (0:14)
 Tools    ('(')
  b - an uncursed bag of holding containing 15 items
  t - a can of grease (0:25)
  I - an uncursed lock pick
  P - an uncursed oil lamp (lit)
  B - an uncursed tin opener
  T - an uncursed tin whistle
  r - an uncursed towel

Contents of the bag of holding:
  886 gold pieces
  an uncursed scroll of blank paper
  2 uncursed scrolls of identify
  an uncursed scroll of teleportation
  an uncursed emerald
  an uncursed fluorite stone
  2 uncursed jacinth stones
  an uncursed obsidian stone
  an uncursed turquoise stone
  2 uncursed worthless pieces of blue glass
  an uncursed worthless piece of green glass
  4 uncursed worthless pieces of violet glass
  an uncursed worthless piece of white glass
  3 uncursed worthless pieces of yellow glass
  2 uncursed worthless pieces of yellowish brown glass

Haxasaurus the Valkyrie's attributes:

Background:
 You were a Fighter, a level 6 dwarven Valkyrie.
 You were lawful, on a mission for Tyr
 who was opposed by Odin (neutral) and Loki (chaotic).
 You were right-handed.
 You were in the Gnomish Mines, on level 11.
 You entered the dungeon 9866 turns ago.
 It was nighttime.
 You had 639 experience points, 1 more was needed to attain level 7.

Basics:
 You had 0 out of 59 hit points.
 You had no energy points (spell power).
 Your armor class was -2.
 Your wallet was empty, but
 you had 886 zorkmids stashed away in your pack.
 Autopickup was on for '$"=/!?' plus thrown, with exceptions.

Final Characteristics:
 Your strength was 18/02 (peak:18/03, limit:18/100).
 Your dexterity was 13 (limit:20).
 Your constitution was 18 (limit:20).
 Your intelligence was 7 (limit:16).
 Your wisdom was 8 (limit:16).
 Your charisma was 11 (limit:16).

Final Status:
 You weren't hungry.
 You were burdened; movement was slightly slowed.
 You were wielding a spear.
 You were skilled in spear and could have enhanced that.

Final Attributes:
 You were piously aligned.
 You were magic-protected.
 You were cold resistant.
 You were poison resistant.
 You had infravision.
 You were stealthy.
 You were guarded.
 You are dead.

Miscellaneous:
 You didn't encounter any bones levels.
 Total elapsed playing time was 2 hours, 43 minutes and 24 seconds.

Major events:
 Turn
    1: Haxasaurus the lawful dwarven Valkyrie entered the dungeon
 1120: entered the Gnomish Mines
 1154: attained the rank of Skirmisher (level 3)
 1327: found Frost Brand in a shop
 3027: attained the rank of Fighter (level 6)
 3915: entered Sokoban
 6048: reached Mine Town
 9866: killed by a vampire

You didn't know any spells.

Skills:
 Fighting Skills
   bare handed combat [Unskilled]
   two weapon combat  [Unskilled]
   riding             [Unskilled]
 Weapon Skills
   dagger             [Basic]
   axe                [Unskilled]
   pick-axe           [Unskilled]
   short sword        [Unskilled]
   broadsword         [Unskilled]
   long sword         [Unskilled]
   two-handed sword   [Unskilled]
   saber              [Unskilled]
   hammer             [Unskilled]
   quarterstaff       [Unskilled]
   polearms           [Unskilled]
   spear              [Skilled]
   trident            [Unskilled]
   lance              [Unskilled]
   sling              [Unskilled]
 Spellcasting Skills
   attack spells      [Unskilled]
   escape spells      [Unskilled]

Voluntary challenges:
 Character rerolling was not enabled.
 You never genocided any monsters.
 You never polymorphed an object.
 You never changed form.
 You used no wishes.
 You did not violate any of the special Sokoban rules.
Achievements:
 You entered a shop.
 You entered the Gnomish Mines.
 You attained the rank of Skirmisher.
 You attained the rank of Fighter.
 You entered Sokoban.
 You entered Minetown.
 You entered a temple.

 The Dungeons of Doom: levels 1 to 9
    Level 1:
       A sink.
    Level 2: "towel"
       A general store, a fountain.
    Level 3: "frost brand"
       A weapon shop, a grave.
       Stairs down to The Gnomish Mines.
    Level 4: "vault"
       A wand shop.
    Level 5:
       A general store, a fountain.
    Level 6:
       Some fountains.
    Level 7:
       Many fountains.
       Oracle of Delphi.
    Level 8: "vault"
       A fountain.
       Stairs up to Sokoban, level 7.
    Level 9:
 The Gnomish Mines: levels 4 to 11
    Level 4:
    Level 5:
    Level 6:
       Many shops, a temple and an altar to Tyr, some fountains.
    Level 7:
    Level 8:
    Level 9:
    Level 10:
    Level 11: <- You were here.
       Final resting place for
          you, killed by a vampire.
 Sokoban:
    Level 7:
       Unsolved.


Vanquished creatures:
  a small mimic
  2 large cats
  3 human mummies
  a python
  2 watchmen
  a chameleon
  a giant beetle
  2 quivering blobs
  a wolf
  4 winter wolf cubs
  2 leprechauns
 an iron piercer
  a giant spider
  2 owlbears
  a lizard
  a dog
  2 dust vortices
  3 ravens
  2 gnome mummies
  a snake
  3 apes
  4 Woodland-elves
  a soldier ant
  a bugbear
 an imp
  a mountain nymph
 13 Mordor orcs
 16 Uruk-hai
 an orc shaman
  5 rock piercers
  2 rock moles
  2 ponies
  2 fog clouds
  a yellow light
  a shrieker
  3 gnome leaders
  3 gnomish wizards
  3 kobold mummies
  a gray ooze
 an elf zombie
  2 giant ants
  3 floating eyes
  4 kittens
  3 homunculi
  2 kobold leaders
  a kobold shaman
  a rothe
  3 orc zombies
  4 iguanas
 20 killer bees
 an acid blob
  4 coyotes
  4 hobbits
  2 hobgoblins
  3 giant rats
  2 cave spiders
  3 yellow molds
  2 green molds
  a red mold
 26 gnomes
  3 garter snakes
  2 gnome zombies
  4 geckos
  6 jackals
  2 foxes
  a kobold
  4 goblins
  5 sewer rats
  3 grid bugs
  3 bats
  6 lichens
  2 kobold zombies
  9 newts
240 creatures vanquished.

No species were genocided or became extinct.

Game over:
                       ----------
                      /          \
                     /    REST    \
                    /      IN      \
                   /     PEACE      \
                  /                  \
                  |    Haxasaurus    |
                  |      886 Au      |
                  |   killed by a    |
                  |     vampire      |
                  |                  |
                  |                  |
                  |       2026       |
                 *|     *  *  *      | *
        _________)/\\_//(\/(/\)/\//\/|_)_______

Farvel Haxasaurus the Valkyrie...

You died in The Gnomish Mines on dungeon level 11 with 12664 points,
and 886 pieces of gold, after 9866 moves.
You were level 6 with a maximum of 59 hit points when you died.

